[Event "*** Titled Tuesday Blitz"]
[Site "Chess.com"]
[Date "2020.05.05"]
[Round "8"]
[White "aa175"]
[Black "Yuri202062"]
[Result "1-0"]
[WhiteElo "2423"]
[BlackElo "2521"]
[TimeControl "180+1"]
[EndTime "11:34:05 PDT"]
[Termination "aa175 won by resignation"]

1. d4 d5 2. Bf4 c5 3. e3 Nc6 4. Nf3 Nf6 5. Nbd2 Qb6 6. dxc5 Qxb2 7. Rb1 Qc3 8. Bb5 e6 9. O-O Be7 10. Ne5 Qxc5 11. c4 O-O 12. Nb3 Qb6 13. Bxc6 bxc6 14. Nd4 Qc5 15. Nexc6 Ba6 16. Nxe7+ Qxe7 17. Nc6 Qc5 18.
Nd4 Bxc4 19. Re1 Ne4 20. Qg4 Qe7 21. Nc6 Qf6 22. f3 Nc3 23. Be5 Qg6 24. Ne7+ 1-0

[Event "*** Titled Tuesday Blitz"]
[Site "Chess.com"]
[Date "2020.05.05"]
[Round "8"]
[White "Kensei26"]
[Black "Islamovqaasim"]
[Result "0-1"]
[WhiteElo "2144"]
[BlackElo "2058"]
[TimeControl "180+1"]
[EndTime "11:34:08 PDT"]
[Termination "Islamovqaasim won by resignation"]

1. e4 b6 2. d4 Bb7 3. Bd3 e6 4. Nf3 c5 5. c3 Nf6 6. Qe2 Be7 7.
O-O Nc6 8. a3 Na5 9. Nbd2 c4 10.
Bc2 Qc7 11. h3 Rc8 12. e5 Nd5 13. Ne4 Nb3 14. Rb1 Nxc1 15. Rbxc1 O-O 16. Nfg5 f6 17.
exf6 Bxf6 18. Qh5 h6 19. Qg6 hxg5 20. Nxg5 Bxg5 21. Qh7+ Kf7 22. Bg6+ Kf6 23. Be4 Nf4 24. h4 Bh6 25. Bxb7 Qxb7 26. f3 Qd5 27. Rce1 Qf5 0-1

[Event "*** Titled Tuesday Blitz"]
[Site "Chess.com"]
[Date "2020.05.05"]
[Round "8"]
[White "VinzentSpitzl"]
[Black "MarcoCorvi"]
[Result "1-0"]
[WhiteElo "2384"]
[BlackElo "2236"]
[TimeControl "180+1"]
[EndTime "11:34:11 PDT"]
[Termination "VinzentSpitzl won by resignation"]

1. e4 Nf6 2. e5 Nd5 3. d4 d6 4. Nf3 dxe5 5. Nxe5 c6 6. c4 Nb4 7. Na3 Bf5 8. Be2 e6 9. O-O Nd7 10. Nxd7 Qxd7 11. Be3 Be7 12. Qb3 O-O 13. Rfd1 a5 14. Rd2 Rfd8 15. Bf3 Qe8 16. Rad1 h6 17. h3 g5 18. d5 a4 19. Qc3 Nxa2 20. Qe5 f6 21. Qc7 cxd5 22. cxd5 Rd7 23. Qc4 Nb4 24. d6 Rad8 1-0

[Event "*** Titled Tuesday Blitz"]
[Site "Chess.com"]
[Date "2020.05.05"]
[Round "8"]
[White "eightbyeightchess"]
[Black "GM_LOADING"]
[Result "0-1"]
[WhiteElo "2403"]
[BlackElo "2533"]
[TimeControl "180+1"]
[EndTime "11:34:12 PDT"]
[Termination "GM_LOADING won by resignation"]

1. e4 e5 2. Nf3 Nc6 3. Bb5 g6 4. c3 a6 5. Ba4 Bg7 6. O-O Nge7 7. d4 exd4 8. cxd4 O-O 9. Nc3 d6 10. Bg5 b5 11. Bb3 h6 12. Be3 Na5 13. h3 Bb7 14.
Qd2 Kh7 15. d5 Nxb3 16. axb3 c6 17. dxc6 Nxc6 18. Rfd1 Ne5 19. Nd4 Qe7 20. f4 Nd7 21. Qd3 Nc5 22. Qc2 Nxe4 23. Nxe4 Bxe4 24. Qf2 f5 25.
Rdc1 Bd5 26. b4 Rfe8 27. Ra3 Qb7 28. g4 Qd7 29. Rac3 Rac8 30. g5 h5 31. Qc2 Rxc3 32.
Qxc3 Qe7 33. Bf2 Qe4 0-1

[Event "*** Titled Tuesday Blitz"]
[Site "Chess.com"]
[Date "2020.05.05"]
[Round "8"]
[White "BilodeauA"]
[Black "GM_Levan_Pantsulaia"]
[Result "0-1"]
[WhiteElo "2896"]
[BlackElo "2799"]
[TimeControl "180+1"]
[EndTime "11:34:15 PDT"]
[Termination "GM_Levan_Pantsulaia won by resignation"]

1. e4 c5 2. Nf3 e6 3. d4 cxd4 4. Nxd4 a6 5. Nc3 b5 6. Bd3 Qb6 7. Nf3 Qc7 8. O-O Bb7 9. Qe1 Nc6 10. Bd2 Nge7 11. a4 b4 12. Na2 a5 13. c3 bxc3 14. Nxc3 Ng6 15. Nb5 Qb8 16. Rc1 Be7 17. g3 O-O 18. h4 Nce5 19. Nxe5 Nxe5 20. Qe2 Nxd3 21. Qxd3 Bc6 22. b3 Qb7 23. Rfe1 f5 24. f3 fxe4 25.
fxe4 Bxb5 26. axb5 Rab8 27. Bxa5 Qa7+ 0-1

[Event "*** Titled Tuesday Blitz"]
[Site "Chess.com"]
[Date "2020.05.05"]
[Round "8"]
[White "VerdeNotte"]
[Black "regular_legs"]
[Result "1-0"]
[WhiteElo "2845"]
[BlackElo "2615"]
[TimeControl "180+1"]
[EndTime "11:34:15 PDT"]
[Termination "VerdeNotte won by resignation"]

1. e4 c6 2. d4 d5 3. e5 Bf5 4. h4 Qc7 5. Nc3 h5 6. Be2 e6 7. Be3 c5 8. Nb5 Qa5+ 9. b4 cxb4 10. Nf3 Nc6 11. O-O a6 12. Nd6+ Bxd6 13. exd6 Nf6 14.
Ne5 Rc8 15. a3 Qd8 16. axb4 Nxb4 17. c4 Nc2 18. c5 Nxa1 19. Qa4+ Nd7 20. Rxa1 f6 21.
c6 fxe5 22. Bg5 Nf6 23. cxb7+ Kf7 24. bxc8=Q Qxc8 25. dxe5 Nd7 26. Bxa6 Nc5 27. Bxc8 Nxa4 28. Rxa4 Rxc8 29. d7 1-0

[Event "*** Titled Tuesday Blitz"]
[Site "Chess.com"]
[Date "2020.05.05"]
[Round "8"]
[White "ketster"]
[Black "Kapibara_Warri0r"]
[Result "1-0"]
[WhiteElo "2271"]
[BlackElo "2105"]
[TimeControl "180+1"]
[EndTime "11:34:15 PDT"]
[Termination "ketster won by resignation"]

1. d4 Nf6 2. c4 g6 3. Nc3 d5 4.
Nf3 Bg7 5. h4 c6 6. cxd5 Nxd5 7.
e4 Nxc3 8. bxc3 c5 9. h5 Qa5 10. Bd2 Bg4 11. h6 Bf8 12. Qb3 Qb6 13. Bc4 Qxb3 14.
axb3 Bxf3 15. gxf3 cxd4 16. cxd4 e6 17. Bc3 Rg8 18.
Bb5+ Kd8 19. Ba5+ b6 20. Bxb6+ Kc8 21. Ba5 a6 22. Ba4 Ra7 23. Rc1+ Kb7 24. Ke2 Bd6 25. e5 Be7 26. Rc7+ Ka8 27. Rhc1 Rxc7 28. Rxc7 Bg5 29. Bb6 1-0

[Event "*** Titled Tuesday Blitz"]
[Site "Chess.com"]
[Date "2020.05.05"]
[Round "8"]
[White "PotapovaM"]
[Black "DaggiGretarsson"]
[Result "0-1"]
[WhiteElo "2383"]
[BlackElo "2516"]
[TimeControl "180+1"]
[EndTime "11:34:16 PDT"]
[Termination "DaggiGretarsson won by resignation"]

1. d4 g6 2. e4 Bg7 3. Nc3 d6 4. Be3 a6 5. h4 h5 6. Nh3 Bxh3 7. Rxh3 Nd7 8. Qd2 b5 9. O-O-O c6 10. Kb1 Ngf6 11.
f3 Nb6 12. Bd3 Qc7 13. e5 Nfd5 14. Nxd5 Nxd5 15. e6 fxe6 16. Bxg6+ Kd7 17. Bg5 c5 18. dxc5 Qxc5 19. Rhh1 Nc3+ 20. bxc3 Bxc3 21. Qf4 Qa3 22. Rxd6+ exd6 23. Qf7+ Kc6 24. Be4+ Kb6 25. Be3+ Ka5 26.
Qc7+ Ka4 27. Bc1 Qb4+ 0-1

[Event "*** Titled Tuesday Blitz"]
[Site "Chess.com"]
[Date "2020.05.05"]
[Round "8"]
[White "NormWeinstein"]
[Black "pandamaster3000"]
[Result "1-0"]
[WhiteElo "2460"]
[BlackElo "2299"]
[TimeControl "180+1"]
[EndTime "11:34:16 PDT"]
[Termination "NormWeinstein won by resignation"]

1. e4 c5 2. Nf3 d6 3. Nc3 Nf6 4. e5 dxe5 5. Nxe5 e6 6. g3 Be7 7.
Bg2 O-O 8. d3 Nbd7 9. Nc4 Nb6 10. O-O Nxc4 11. dxc4 Qb6 12. Qf3 Rd8 13. b3 Ne8 14.
Bb2 Bf6 15. Rad1 Rxd1 16. Rxd1 Rb8 17. Qf4 Ra8 18. Na4 Qa5 19. Bxf6 Nxf6 20. Qd6 Ne8 21. Qe7 Bd7 22. Rxd7 Qe1+ 23. Bf1 1-0

[Event "*** Titled Tuesday Blitz"]
[Site "Chess.com"]
[Date "2020.05.05"]
[Round "8"]
[White "DenisQ"]
[Black "keepitcool9499"]
[Result "1-0"]
[WhiteElo "2660"]
[BlackElo "2465"]
[TimeControl "180+1"]
[EndTime "11:34:17 PDT"]
[Termination "DenisQ won by resignation"]

1. Nf3 Nf6 2. c4 e6 3. g3 d5 4. Bg2 Be7 5. O-O O-O 6. d4 b6 7.
cxd5 exd5 8. Nc3 Bb7 9. Ne5 Nbd7 10. Bg5 c6 11. Bf4 Nxe5 12. Bxe5 Bd6 13. Bxd6 Qxd6 14. Rc1 Rfe8 15. e3 Rac8 16. Qa4 a6 17. Qb3 c5 18.
dxc5 Rxc5 19. Na4 Rb5 20. Qc2 h6 21. Qc7 Qxc7 22. Rxc7 Ba8 23. Rfc1 Rb4 24. b3 d4 25. Bxa8 Rxa8 26. exd4 Rxd4 27. Nxb6 Re8 28. Rc8 Rxc8 29. Rxc8+ Kh7 30. Rc2 Rd6 31. Nc4 Re6 32. Kg2 Nd5 33. Rd2 Nb4 34. a3 Nc6 35. Rd6 Rxd6 36. Nxd6 Nd4 37.
b4 Nc2 38. b5 axb5 39. Nxb5 Kg6 40. Kf3 Kf6 41. Ke4 Ke6 42. Nd4+ Nxd4 43. Kxd4 Kd6 44. g4 Kc6 45. Ke5 Kc5 46. h4 Kc6 47. h5 Kc5 48. f4 g6 49. Kf6 g5 50. fxg5 hxg5 1-0

[Event "*** Titled Tuesday Blitz"]
[Site "Chess.com"]
[Date "2020.05.05"]
[Round "8"]
[White "Zhani-Z"]
[Black "garicradomir"]
[Result "1-0"]
[WhiteElo "2516"]
[BlackElo "2374"]
[TimeControl "180+1"]
[EndTime "11:34:19 PDT"]
[Termination "Zhani-Z won by resignation"]

1. d4 Nf6 2. Nc3 d6 3. e4 Nbd7 4. Nf3 e5 5. Bc4 Be7 6. O-O exd4 7. Nxd4 Nb6 8. Be2 O-O 9. a4 a5 10. Bf4 Nfd7 11. Qd2 Bf6 12. Rad1 Re8 13. b3 Nc5 14. f3 Bd7 15. Ndb5 Bc6 16. Rfe1 Qe7 17. Bf1 h6 18. Nd5 Bxd5 19. exd5 Qd7 20. Rxe8+ Rxe8 21. Qxa5 Qf5 22. Nxc7 Qxf4 23. Nxe8 Be5 24. g3 Qe3+ 25. Kg2 Ne4 26. Qe1 1-0

[Event "*** Titled Tuesday Blitz"]
[Site "Chess.com"]
[Date "2020.05.05"]
[Round "8"]
[White "AwareIdea"]
[Black "top_bu_tz"]
[Result "1-0"]
[WhiteElo "2548"]
[BlackElo "2208"]
[TimeControl "180+1"]
[EndTime "11:34:19 PDT"]
[Termination "AwareIdea won on time"]

1. d4 Nf6 2. Nc3 d5 3. Bf4 e6 4.
e3 Bd6 5. Nf3 a6 6. Ne5 Nbd7 7.
Bd3 c5 8. Nxf7 Kxf7 9. Bxd6 Qb6 10. dxc5 Qxb2 11. Na4 Qb4+ 12. c3 Qa5 13. O-O Ne8 14.
Qh5+ Kf6 15. Bxh7 Nxd6 16. Qg6+ Ke7 17. cxd6+ Kxd6 18. Qg3+ Kc6 19. Bc2 b5 20. Qxg7 Rf8 21. Nb2 Rf6 22. Bb3 Bb7 23. a4 b4 24. c4 Raf8 25.
cxd5+ exd5 26. Rac1+ Kd6 27. Qg3+ Ke7 28. Rc7 Qb6 29.
a5 R8f7 30. axb6 1-0

[Event "*** Titled Tuesday Blitz"]
[Site "Chess.com"]
[Date "2020.05.05"]
[Round "8"]
[White "peixe64"]
[Black "Ariadna_Atreides"]
[Result "1-0"]
[WhiteElo "2228"]
[BlackElo "1999"]
[TimeControl "180+1"]
[EndTime "11:34:19 PDT"]
[Termination "peixe64 won by resignation"]

1. d4 e6 2. c4 Bb4+ 3. Nd2 b6 4. a3 Bxd2+ 5. Bxd2 Bb7 6. Bc3 Nf6 7. f3 d5 8. e3 O-O 9. Bd3 c5 10. dxc5 bxc5 11.
Ne2 Nc6 12. Qd2 a5 13. Rd1 d4 14. exd4 cxd4 15. Nxd4 Nxd4 16. Bxd4 Bc6 17. Qf2 e5 18. Bc5 Qc7 19. Bxf8 Rxf8 20. O-O a4 21. Qh4 h6 22. Kh1 Qb6 23. Rd2 Rd8 24. Rfd1 Re8 25. Bf5 e4 26. fxe4 Bxe4 27. Qf2 Bxf5 28. Qxb6 1-0

[Event "*** Titled Tuesday Blitz"]
[Site "Chess.com"]
[Date "2020.05.05"]
[Round "8"]
[White "GigaQuparadze"]
[Black "MrTattaglia"]
[Result "1-0"]
[WhiteElo "2852"]
[BlackElo "2958"]
[TimeControl "180+1"]
[EndTime "11:34:20 PDT"]
[Termination "GigaQuparadze won by resignation"]

1. e4 e5 2. Nf3 Nc6 3. Bb5 Nf6 4. O-O Nxe4 5. d4 Nd6 6. Bxc6 dxc6 7. dxe5 Nf5 8. Qxd8+ Kxd8 9. Rd1+ Ke8 10. Nc3 h6 11. Ne2 Be7 12. h3 Nh4 13. Nxh4 Bxh4 14. Bf4 Bf5 15.
Nd4 Bd7 16. e6 Bxe6 17. Nxe6 fxe6 18. Bxc7 Bf6 19. c3 Rc8 20. Bf4 Ke7 21. Bd6+ Kf7 22. a4 Rhd8 23. a5 Rd7 24. Bc5 Rd5 25. Bxa7 c5 26. Bb6 Rc6 27. Rab1 c4 28. Rxd5 exd5 29. Rd1 Ke6 30. Kf1 Rc8 31. g4 Be5 32. Re1 Kd6 33.
Kg2 Rf8 34. Re3 Rf7 35. Rf3 Bf6 36. Bd4 Ke6 37. Bxf6 gxf6 38. Rf5 Rf8 39. Rh5 Rh8 40. Kg3 Kd6 41. Rf5 Ke6 42. Rh5 Kd6 43. Kf4 Ke6 44.
f3 Rh7 45. Ke3 Rh8 46. Kd4 Ra8 47. Rxd5 1-0

[Event "*** Titled Tuesday Blitz"]
[Site "Chess.com"]
[Date "2020.05.05"]
[Round "8"]
[White "albano87"]
[Black "kreonx"]
[Result "1-0"]
[WhiteElo "2406"]
[BlackElo "2226"]
[TimeControl "180+1"]
[EndTime "11:34:22 PDT"]
[Termination "albano87 won on time"]

1. Nf3 g6 2. d4 f5 3. g3 Nf6 4.
Bg2 Bg7 5. O-O O-O 6. c4 d6 7. Nc3 Qe8 8. d5 a5 9. Be3 Na6 10. b3 Bd7 11. Qd2 Ng4 12. Bd4 Bh6 13. Ng5 c5 14.
dxc6 bxc6 15. Na4 Nc7 16. Bb2 Ne6 17. h4 Nxg5 18. hxg5 Bg7 19. Bxg7 Kxg7 20. c5 Ne5 21. cxd6 Nf7 22. dxe7 Qxe7 23. Rad1 Rad8 24. f4 c5 25. Nb6 Bb5 26. Qc3+ Kg8 27. Nd5 Rxd5 28. Rxd5 1-0

[Event "*** Titled Tuesday Blitz"]
[Site "Chess.com"]
[Date "2020.05.05"]
[Round "8"]
[White "vanyakuba"]
[Black "mirceaparligras"]
[Result "0-1"]
[WhiteElo "2435"]
[BlackElo "2628"]
[TimeControl "180+1"]
[EndTime "11:34:25 PDT"]
[Termination "mirceaparligras won by resignation"]

1. e4 c5 2. c3 Nf6 3. e5 Nd5 4. g3 d6 5. exd6 e6 6. Bg2 Bxd6 7. Nf3 O-O 8. O-O Nc6 9. d4 cxd4 10. Nxd4 Nxd4 11. Qxd4 Qc7 12. Nd2 Bd7 13. Qc4 Bc6 14. Ne4 Be5 15. f4 Qb6+ 16. Kh1 Bc7 17. a4 a5 18. Bd2 Ne3 19. Bxe3 Qxe3 20. Rae1 Qb6 21. Ng5 Bxg2+ 22. Kxg2 Qxb2+ 23. Re2 Qb6 24. Kh3 Qc6 25. Qd3 g6 26. f5 exf5 27. Rxf5 gxf5 28. Qxf5 Qg6 29.
Qg4 Rae8 30. Rf2 h6 0-1

[Event "*** Titled Tuesday Blitz"]
[Site "Chess.com"]
[Date "2020.05.05"]
[Round "8"]
[White "Vuk2000"]
[Black "SGchess01"]
[Result "0-1"]
[WhiteElo "2636"]
[BlackElo "2807"]
[TimeControl "180+1"]
[EndTime "11:34:27 PDT"]
[Termination "SGchess01 won by resignation"]

1. d4 Nf6 2. Bg5 d5 3. Bxf6 exf6 4. e3 Bd6 5. c4 dxc4 6. Bxc4 O-O 7. Nc3 f5 8. Nf3 Nd7 9. O-O Nf6 10. Qc2 c6 11. Rfd1 Qe7 12. g3 g6 13. Nd2 h5 14. Bf1 h4 15. Bg2 Kg7 16. e4 fxe4 17. Ndxe4 Bf5 18. Re1 Rae8 19. Qd2 h3 20. Bf3 Bb4 21. a3 Nxe4 22. Bxe4 Bxc3 23. Qxc3 Bxe4 24. f3 f5 25. d5+ Kh7 26.
fxe4 fxe4 27. dxc6 bxc6 28. Qxc6 e3 29. Qc4 Rf2 30. Rac1 Rg2+ 31. Kh1 Rxb2 32. Qd5 Qe4+ 33. Qxe4 Rxe4 34. Rc7+ Kh6 35. Rxa7 Rd4 36. Rf7 Rdd2 37. Rf3 Rxh2+ 0-1

[Event "*** Titled Tuesday Blitz"]
[Site "Chess.com"]
[Date "2020.05.05"]
[Round "8"]
[White "realmadridtv"]
[Black "Zhuu96"]
[Result "0-1"]
[WhiteElo "2399"]
[BlackElo "2910"]
[TimeControl "180+1"]
[EndTime "11:34:27 PDT"]
[Termination "Zhuu96 won by resignation"]

1. d4 Nf6 2. c4 e6 3. g3 Bb4+ 4. Nd2 O-O 5. Nf3 d5 6. Bg2 c6 7. O-O b6 8. Qc2 Bb7 9. Ne5 Nbd7 10. cxd5 cxd5 11. Nc6 Bxc6 12. Qxc6 a6 13. Qa4 Qe7 14.
a3 Bd6 15. e4 dxe4 16. Nxe4 Nxe4 17. Bxe4 Ra7 18. Bg2 b5 19. Qb3 Rc8 20. Bd2 Nb6 21. Rae1 Qd7 22. d5 Nxd5 23. Bxd5 exd5 24. Qxd5 Bxa3 25.
Qxd7 Rxd7 26. Bc3 Bc5 27. Rd1 Rxd1 28. Rxd1 b4 29. Be5 f6 30. Bf4 g5 31. Be3 Bxe3 32. fxe3 Rc2 33. Rd6 Rxb2 34. Rxa6 b3 35. Rxf6 Rc2 36.
Rb6 b2 37. Kf1 Rc1+ 0-1

[Event "*** Titled Tuesday Blitz"]
[Site "Chess.com"]
[Date "2020.05.05"]
[Round "8"]
[White "rpragchess"]
[Black "MikhailovViacheslav"]
[Result "0-1"]
[WhiteElo "2832"]
[BlackElo "2655"]
[TimeControl "180+1"]
[EndTime "11:34:28 PDT"]
[Termination "MikhailovViacheslav won by resignation"]

1. Nf3 Nf6 2. g3 g6 3. Bg2 Bg7 4. O-O O-O 5. d3 c5 6. e4 d6 7. Nc3 Nc6 8. Nd5 e6 9. Ne3 d5 10. exd5 exd5 11. d4 cxd4 12. Nxd4 Qb6 13. Nb3 Be6 14. c3 a5 15. Nc2 Bg4 16. Qe1 Rfe8 17.
Be3 Qd8 18. Ncd4 a4 19. Nc5 Ne5 20. Qb1 Nc4 21. Bg5 Qc8 22. Nd3 Ne4 23. Qc1 a3 24. b3 Nb2 25. Nb4 Nxc3 26. Nbc2 Re2 27. Bh6 Rxc2 28. Qxc2 Bxh6 29. Kh1 Qc5 30. Nf3 Bf5 31. b4 Qxb4 32. Qb3 Qxb3 33. axb3 Bg7 0-1

[Event "*** Titled Tuesday Blitz"]
[Site "Chess.com"]
[Date "2020.05.05"]
[Round "8"]
[White "AryanTari"]
[Black "ManuDavid2910"]
[Result "1-0"]
[WhiteElo "2871"]
[BlackElo "2644"]
[TimeControl "180+1"]
[EndTime "11:34:28 PDT"]
[Termination "AryanTari won by resignation"]

1. Nf3 Nf6 2. d4 e6 3. Bf4 d5 4. Nbd2 c5 5. e3 Nc6 6. c3 Bd6 7. Bg3 O-O 8. Bb5 a6 9. Bxc6 bxc6 10. Qa4 cxd4 11. cxd4 Bb7 12. Rc1 Qe7 13. Bxd6 Qxd6 14.
Ne5 Rfc8 15. O-O Ne8 16. Nb3 f6 17. Nd3 a5 18. Nbc5 Ba6 19. Nxa6 Rxa6 20. Rc5 e5 21. Rfc1 exd4 22. exd4 Qe7 23. Nf4 Rb8 24. Rxc6 Rxc6 25. Qxc6 Rxb2 26. Qxd5+ Qf7 27. Qd8 g5 28. Re1 Kg7 29.
h3 Rb7 30. Ne6+ Kg6 31. Nc5 1-0

[Event "*** Titled Tuesday Blitz"]
[Site "Chess.com"]
[Date "2020.05.05"]
[Round "8"]
[White "Anastasia_Nesytova"]
[Black "Susal_De_Silva"]
[Result "0-1"]
[WhiteElo "2369"]
[BlackElo "2258"]
[TimeControl "180+1"]
[EndTime "11:34:28 PDT"]
[Termination "Susal_De_Silva won by resignation"]

1. d4 Nf6 2. c4 e6 3. g3 Be7 4. Bg2 O-O 5. Nf3 b6 6. Ne5 d5 7. O-O Bb7 8. cxd5 Bxd5 9. Nc3 Bxg2 10. Kxg2 c5 11. dxc5 Bxc5 12. Bf4 Nbd7 13. b4 Bxb4 14. Nc6 Qc8 15. Nxb4 Qxc3 16. Bd6 Rfc8 17. Rc1 Qxc1 18. Qxc1 Rxc1 19. Rxc1 a5 20. Nc6 h6 21. Ne7+ Kh7 22. Rc7 b5 23. f3 b4 24. Nc6 Ra6 25.
Rc8 Nb6 26. Rd8 Nc4 27. Ne5 Rxd6 0-1

[Event "*** Titled Tuesday Blitz"]
[Site "Chess.com"]
[Date "2020.05.05"]
[Round "8"]
[White "AsaHoffmann"]
[Black "Turquoise_2701"]
[Result "1-0"]
[WhiteElo "2373"]
[BlackElo "2165"]
[TimeControl "180+1"]
[EndTime "11:34:29 PDT"]
[Termination "AsaHoffmann won by resignation"]

1. d4 Nf6 2. Bg5 e6 3. Nd2 c5 4. e3 d5 5. c3 Nc6 6. f4 Be7 7. Ngf3 Nd7 8. Bd3 Bxg5 9. Nxg5 cxd4 10. exd4 e5 11. dxe5 Ndxe5 12. Bb5 Bg4 13. Qa4 O-O 14. O-O Qb6+ 15. Kh1 a6 16. fxe5 Nxe5 17. Qf4 Qxb5 18. Qxe5 f6 19. Qg3 Be2 20. Ne6 Qd7 21. Nxf8 Rxf8 22.
Rf2 1-0

[Event "*** Titled Tuesday Blitz"]
[Site "Chess.com"]
[Date "2020.05.05"]
[Round "8"]
[White "LivajaM"]
[Black "Mizner"]
[Result "1-0"]
[WhiteElo "2279"]
[BlackElo "2491"]
[TimeControl "180+1"]
[EndTime "11:34:29 PDT"]
[Termination "LivajaM won on time"]

1. d4 d5 2. c4 e6 3. Nc3 Nf6 4.
Bg5 dxc4 5. e3 c5 6. Nf3 cxd4 7. Qxd4 Qxd4 8. Nxd4 a6 9. Bxc4 Nbd7 10. Bxe6 fxe6 11. Nxe6 Kf7 12. Nc7 Rb8 13. Rd1 b5 14.
O-O Be7 15. Rd4 Bb7 16. Rfd1 Ne5 17. Bf4 Nc6 18. R4d2 Rbd8 19. N7d5 Nxd5 20. Nxd5 Bd6 21. Bg5 Rde8 22. Nb6 Be7 23. Rd7 Bc8 24. Rc7 h6 25. Bf4 Na5 26. b3 Be6 27. Ra7 Rd8 28. Rc1 Rb8 29.
Bxb8 Rxb8 30. Rxa6 Nb7 31. Rc7 1-0

[Event "*** Titled Tuesday Blitz"]
[Site "Chess.com"]
[Date "2020.05.05"]
[Round "8"]
[White "AlexZambrano"]
[Black "mbachez"]
[Result "0-1"]
[WhiteElo "2283"]
[BlackElo "2447"]
[TimeControl "180+1"]
[EndTime "11:34:30 PDT"]
[Termination "mbachez won on time"]

1. Nf3 Nf6 2. g3 d5 3. d4 Bf5 4. Bg2 c6 5. O-O h6 6. c4 e6 7. Nc3 Nbd7 8. Re1 Be7 9. Nh4 Bh7 10. Nf3 O-O 11. Nd2 a5 12. e4 dxe4 13. Ndxe4 Nxe4 14. Nxe4 Nf6 15. Nxf6+ Bxf6 16. Be3 Qb6 17. Qd2 Rfd8 18. Rad1 Qb4 19. Bf1 Rd7 20. a3 Qb6 21. Qc1 Qd8 22.
Qd2 Be4 23. Bg2 Bxg2 24. Kxg2 a4 25. Qb4 b6 26. d5 c5 27. Qd2 exd5 28. cxd5 Be7 29.
Bf4 Bf8 30. Re3 c4 31. Re4 b5 32. Be3 Ra6 33. Bf4 Bd6 34. h4 Bxf4 35. Rxf4 Rad6 36.
Rf5 g6 0-1

[Event "*** Titled Tuesday Blitz"]
[Site "Chess.com"]
[Date "2020.05.05"]
[Round "8"]
[White "827883"]
[Black "2346PL"]
[Result "0-1"]
[WhiteElo "2220"]
[BlackElo "2370"]
[TimeControl "180+1"]
[EndTime "11:34:30 PDT"]
[Termination "2346PL won by resignation"]

1. e4 c5 2. Nf3 Nf6 3. e5 Nd5 4.
Nc3 e6 5. d4 Nxc3 6. bxc3 d6 7.
Bd3 Nc6 8. O-O Qc7 9. Rb1 dxe5 10. dxe5 Be7 11. Re1 b6 12. Bf4 Bb7 13. Bg3 O-O-O 14. Qe2 g5 15. Nd2 h5 16. h3 g4 17. hxg4 h4 18. Bh2 h3 19. Nc4 hxg2 20. Nd6+ Rxd6 21.
exd6 Bxd6 22. Bxd6 Qxd6 23. f4 Qxf4 24. Qxg2 Nd4 25.
Be4 Bxe4 26. Rxe4 Nf3+ 27. Kf2 Qxe4 28. Qxf3 Rh2+ 29. Kg3 Rh3+ 30. Kxh3 Qxf3+ 31. Kh4 Qf6+ 32. g5 Qf2+ 33. Kh5 Qh2+ 34. Kg4 Kd7 35. a4 Qxc2 36. Ra1 Qxc3 37. Rd1+ Ke7 38. a5 bxa5 39. Rb1 Qb4+ 40. Kh5 Qxb1 0-1

[Event "*** Titled Tuesday Blitz"]
[Site "Chess.com"]
[Date "2020.05.05"]
[Round "8"]
[White "Sanyura"]
[Black "temus_galaktionov"]
[Result "0-1"]
[WhiteElo "2486"]
[BlackElo "2745"]
[TimeControl "180+1"]
[EndTime "11:34:31 PDT"]
[Termination "temus_galaktionov won by resignation"]

1. e4 c6 2. d4 g6 3. Nf3 Bg7 4. c3 d6 5. Bd3 Nd7 6. O-O e5 7. Bg5 Ngf6 8. Nbd2 h6 9. Bh4 O-O 10.
Nc4 Qc7 11. a4 Re8 12. Bc2 exd4 13. cxd4 Nxe4 14. Bxe4 Rxe4 15. Bg3 Bf8 16. Rc1 Nf6 17.
Qd3 Bf5 18. Ne3 Qd7 19. Nxf5 Qxf5 20. Qb3 Qd7 21. a5 a6 22. h3 Rae8 23. Qd3 Nd5 24.
Nd2 Re2 25. Nc4 Qe6 26. Qb3 Qd7 27. Qf3 R2e6 28. Kh2 Bg7 29. Qg4 h5 30. Qf3 Bxd4 31. Rfd1 Bg7 32. Rd3 Qe7 33. Rcd1 h4 34. Bxd6 Rxd6 35.
Nxd6 Qxd6+ 36. Kg1 Qb4 37. b3 Re1+ 0-1

[Event "*** Titled Tuesday Blitz"]
[Site "Chess.com"]
[Date "2020.05.05"]
[Round "8"]
[White "powermove"]
[Black "Munkhzul_Turmunkh"]
[Result "0-1"]
[WhiteElo "1679"]
[BlackElo "2484"]
[TimeControl "180+1"]
[EndTime "11:34:32 PDT"]
[Termination "Munkhzul_Turmunkh won on time"]

1. Nf3 Nf6 2. g3 e6 3. Bg2 d5 4. O-O Be7 5. d3 O-O 6. Nbd2 c5 7. e4 Nc6 8. c3 dxe4 9. dxe4 e5 10. Qe2 h6 11. Nc4 Qc7 12. a4 Be6 13. Nfd2 Rad8 14.
Ne3 Rfe8 15. Ndc4 a6 16. a5 Bf8 17. Nb6 g6 18. Nbd5 Bxd5 19. exd5 Ne7 20. c4 Bg7 21. h4 Nc8 22. h5 Nd6 23. hxg6 fxg6 24. b3 Rf8 25. Ra2 Kh7 26. Ng4 Nxg4 27. Qxg4 Rde8 28.
Be4 Nxe4 29. Qxe4 Qd6 30. Kg2 Rf5 31. Rh1 Ref8 32. Be3 Kg8 33. Rh2 g5 34. Ra1 Qf6 35. Rah1 Rf7 36. Kg1 Rf3 37. Qg4 Rxe3 0-1

[Event "*** Titled Tuesday Blitz"]
[Site "Chess.com"]
[Date "2020.05.05"]
[Round "8"]
[White "WiktoriaPOL"]
[Black "ItsCheckM8Mate"]
[Result "0-1"]
[WhiteElo "2034"]
[BlackElo "2271"]
[TimeControl "180+1"]
[EndTime "11:34:34 PDT"]
[Termination "ItsCheckM8Mate won by resignation"]

1. c4 Nf6 2. Nc3 e6 3. e4 d5 4. e5 d4 5. exf6 dxc3 6. bxc3 Qxf6 7. Nf3 e5 8. d4 exd4 9. Bg5 Qe6+ 10. Be2 Be7 11.
Bxe7 Qxe7 12. cxd4 O-O 13. O-O b6 14. Re1 Qf6 15.
Bd3 Bb7 16. Ne5 Rd8 17. Bc2 Nd7 18. Qd3 g6 19. Nxd7 Rxd7 20. Rad1 Rad8 21. d5 c6 22. Ba4 b5 23. cxb5 Rxd5 24. Qe2 cxb5 25. Bxb5 Qg5 26. Rxd5 Rxd5 27. Ba6 Re5 28. f4 Rxe2 29. Rxe2 Qc5+ 30. Kh1 Qc1+ 0-1

[Event "*** Titled Tuesday Blitz"]
[Site "Chess.com"]
[Date "2020.05.05"]
[Round "8"]
[White "Aikiigm"]
[Black "Mesa_1"]
[Result "1-0"]
[WhiteElo "2626"]
[BlackElo "2455"]
[TimeControl "180+1"]
[EndTime "11:34:35 PDT"]
[Termination "Aikiigm won by resignation"]

1. Nc3 d5 2. Nf3 c5 3. d4 cxd4 4. Nxd4 e5 5. Nf3 d4 6. Ne4 f5 7. Ng3 Nf6 8. e3 Nc6 9. exd4 exd4 10. Bc4 Bb4+ 11. Bd2 Qe7+ 12. Kf1 Bd7 13. Bxb4 Qxb4 14. Qe1+ Qxe1+ 15. Rxe1+ Kd8 16. Rd1 Rc8 17. Bb3 Na5 18. Nxd4 Nxb3 19. axb3 g6 20. f3 Nd5 21. Kf2 Re8 22.
Rhe1 Rxe1 23. Rxe1 Nb4 24. Re2 Rc5 25. Rd2 Kc7 26.
Nge2 a5 27. Nf4 Re5 28. h4 b5 29. c3 Nc6 30. Nd3 Rd5 31. Nxc6 Bxc6 32. Ke3 a4 33. b4 Rd8 34. Ne5 Re8 35. Kf4 Bb7 36. Rd7+ Kb6 37. Rxh7 Rd8 38. Rg7 Rd2 39. Rxg6+ Ka7 40. h5 Rxb2 41.
h6 a3 42. h7 a2 43. h8=Q a1=Q 44. Nd3 Re2 45. Qd4+ Ka8 46. Rg8+ 1-0

[Event "*** Titled Tuesday Blitz"]
[Site "Chess.com"]
[Date "2020.05.05"]
[Round "8"]
[White "Falia-p"]
[Black "Petrosyan_Tigran"]
[Result "0-1"]
[WhiteElo "2383"]
[BlackElo "2542"]
[TimeControl "180+1"]
[EndTime "11:34:37 PDT"]
[Termination "Petrosyan_Tigran won by resignation"]

1. e4 e5 2. Nf3 Nc6 3. Bb5 a6 4. Ba4 Nf6 5. O-O Be7 6. Re1 b5 7. Bb3 d6 8. c3 O-O 9. h3 Nb8 10. d4 Nbd7 11. Nbd2 c5 12. Nf1 Bb7 13. Ng3 cxd4 14.
cxd4 exd4 15. Nxd4 Nc5 16. Bc2 Re8 17. f3 Bf8 18. Bg5 h6 19. Be3 d5 20. b4 Ncd7 21. Ndf5 dxe4 22. Nxe4 Nxe4 23. fxe4 Ne5 24. a3 Qxd1 25.
Raxd1 Rac8 26. Bb1 Nc4 27. Bc1 g6 28. Nxh6+ Bxh6 29. Bxh6 Nxa3 30. Rd7 Bc6 31. Ra7 Nxb1 32. Rxb1 Bxe4 33. Rf1 Bd5 34. Rf2 Rc6 35. Bg5 Kg7 36.
h4 Re4 37. Bc1 Re1+ 38. Rf1 Rcxc1 0-1